 Dungeon Crawl Stone Soup version 0.17.0-18-gaab0e96 (webtiles) character file.

81 tp1 the Conjurer (level 4, -10/24 HPs)
             Began as a Deep Elf Conjurer on Nov 11, 2015.
             Mangled by a wight
             ... wielding a +0 flail
              (13 damage)
             ... on level 3 of the Dungeon.
             The game lasted 00:07:23 (3301 turns).

tp1 the Conjurer (Deep Elf Conjurer)                Turns: 3301, Time: 00:07:25

Health: -10/24     AC:  2    Str:  5    XL:     4   Next: 19%
Magic:  11/11      EV:  7    Int: 24    God:
Gold:   108        SH:  0    Dex: 15    Spells: 2 memorised, 7 levels left

rFire  . . .     SeeInvis .     l - +0 short sword
rCold  . . .     Clarity  .     a - +0 robe
rNeg   . . .     SustAt   .     (no shield)
rPois  .         Gourm    .     (no helmet)
rElec  .         Spirit   .     (no cloak)
rCorr  .         Warding  .     (no gloves)
rMut   .         Stasis   .     (no boots)
MR     .....                    (no amulet)
Stlth  ++........               (no ring)
                                g - +3 ring of intelligence

@: drained, not resistant to hostile enchantments, unstealthy
A: no striking features
a: no special abilities


You were on level 3 of the Dungeon.
You were not hungry.

You visited 1 branch of the dungeon, and saw 3 of its levels.

You collected 108 gold pieces.

Inventory:

Hand Weapons
 l - a +0 short sword (weapon)
Armour
 a - a +0 robe (worn)
 p - a +0 helmet
Jewellery
 g - a +3 ring of intelligence (left hand)
Scrolls
 e - a scroll of remove curse {unknown}
 f - a scroll of amnesia {unknown}
 j - 2 scrolls of identify {unknown}
 k - a scroll of recharging {unknown}
 o - a scroll of enchant weapon {unknown}
Potions
 h - a potion of haste {unknown}
 i - a potion of might {unknown}
 m - a potion of curing {unknown}
Books
 b - a book of Conjurations

   Spells                             Type                      Level
   a - Magic Dart                     Conjuration                  1
   b - Searing Ray                    Conjuration                  2
   c - Dazzling Spray                 Conjuration/Hexes            3
   d - Fulminant Prism                Conjuration/Hexes            4
   e - Iskenderun's Mystic Blast      Conjuration                  4
   f - Iskenderun's Battlesphere      Conjuration/Charms           5
Comestibles
 c - a bread ration
 d - a meat ration
 n - 4 fruits


   Skills:
 - Level 2.5(2.1) Dodging
 - Level 2.4(2.0) Stealth
 + Level 3.6(3.3) Spellcasting
 - Level 6.0(5.6) Conjurations


You had 7 spell levels left.
You knew the following spells:

 Your Spells              Type           Power        Failure   Level  Hunger
a - Magic Dart            Conj           ####         1%          1    None
b - Searing Ray           Conj           ####..       1%          2    ##.....


Dungeon Overview and Level Annotations

Branches:
Dungeon (3/15)

Altars:
Nemelex Xobeh


Message History

You are starving!
Eat which item? (? for menu, Esc to quit)
You continue eating. x2
You finish eating.
That bread ration really hit the spot!
You start resting.
HP restored.
There is a stone staircase leading down here.
You climb downwards.
A goblin comes into view. It is wielding a club.
The wight hits you with an enchanted halberd.
The hobgoblin barely misses you. The wight barely misses you.
There is a stone staircase leading up here.
The wight hits you with an enchanted halberd!
You feel drained.
* * * LOW HITPOINT WARNING * * *
The hobgoblin hits you with a club.
* * * LOW HITPOINT WARNING * * *
The wight hits you with a flail!
Ouch! That really hurt!
You die...

g# K......###. z
g..........##..##.. #.
z.#.....#..[...... #.#
#.#.............#.
#..##.#..###..(.......
..##....g.###...........
..........##............
#g..ggg..z......... #
##..##.gg.g.@z......
#.#..(###.....zg......
#.....###.............
#.#....#..#...........
..........###..........
.#....#...## ####.......
########## #.....#
...... #.#..


You could see 3 wights, 3 hobgoblins and 4 goblins.

Vanquished Creatures
  Robin (D:2)
  An adder (D:2)
  2 worms (D:2)
  3 giant geckos
  7 bats
  4 giant cockroaches (D:1)
  8 goblins
  5 hobgoblins
  5 jackals
  A ball python (D:2)
  6 giant newts
  5 kobolds (D:2)
  6 rats
54 creatures vanquished.

Notes
Turn   | Place    | Note
--------------------------------------------------------------
     0 | D:1      | tp1 the Deep Elf Conjurer began the quest for the Orb.
     0 | D:1      | Reached XP level 1. HP: 10/10 MP: 6/6
   260 | D:1      | Reached XP level 2. HP: 15/15 MP: 6/8
   304 | D:1      | Reached skill level 5 in Conjurations
   432 | D:1      | Learned a level 2 spell: Searing Ray
  1589 | D:2      | Reached XP level 3. HP: 15/19 MP: 3/9
  2271 | D:2      | Reached skill level 6 in Conjurations
  2434 | D:2      | Reached XP level 4. HP: 20/24 MP: 0/11
  2443 | D:2      | Found a sparkling altar of Nemelex Xobeh.
  3004 | D:2      | Found a sparkling altar of Nemelex Xobeh.
  3073 | D:3      | Noticed Robin
  3093 | D:2      | Killed Robin
  3301 | D:3      | Mangled by a wight

Action                   |  1- 3 |  4- 6 || total
-------------------------+-------+-------++-------
Melee: Short sword       |     1 |     2 ||     3
 Cast: Magic Dart        |    82 |     2 ||    84
       Searing Ray       |     6 |     2 ||     8
  Eat: Chunk             |     5 |       ||     5
       Bread ration      |       |     1 ||     1
